 Dungeon Crawl Stone Soup version 0.30-a0-702-gdf48620a09 (webtiles) character file.

Game seed: 4959065490408765356

266 Anon1729 the Ducker (level 6, -2/73 HPs)
             Began as a Merfolk Monk on Jan 21, 2023.
             Slain by a phantom (5 damage)
             ... on level 4 of the Dungeon.
             The game lasted 00:03:30 (3230 turns).

Anon1729 the Ducker (Merfolk Monk)                  Turns: 3230, Time: 00:03:31

Health: -2/73      AC:  4    Str: 11    XL:     6   Next: 20%
Magic:  6/6        EV: 14    Int: 10    God:
Gold:   128        SH:  0    Dex: 18    Spells: 5/5 levels left

rFire   . . .      SeeInvis .    t - +0 long sword
rCold   . . .      Faith    +    (no shield)
rNeg    . . .      Spirit   .    m - +0 leather armour
rPois   .          Reflect  .    (no helmet)
rElec   .          Harm     .    (no cloak)
rCorr   .          Rampage  .    (no gloves)
Will    .....                    v - +0 pair of boots Stlth
                                 k - amulet of faith
HPRegen 0.32/turn                (no ring)
MPRegen 0.10/turn                (no ring)

@: berserking (expiring), attractive, very quick
A: (nimble swimmer 2), mertail
a: no special abilities


You were on level 4 of the Dungeon.
You visited 1 branch of the dungeon, and saw 4 of its levels.

You collected 128 gold pieces.

Inventory:

Hand Weapons
 a - a +0 falchion
 r - a +4 dagger
 t - a +0 long sword (weapon)
Armour
 b - a +0 robe
 m - a +0 leather armour (worn)
 v - a +0 pair of boots (worn)
Jewellery
 i - a ring of fire
 k - an amulet of faith (around neck)
Scrolls
 d - 4 scrolls of teleportation {unknown}
 e - a scroll of immolation {unknown}
 g - 4 scrolls of enchant weapon {unknown}
 j - 3 scrolls of poison {unknown}
 o - a scroll of fear {unknown}
 p - 3 scrolls of identify {unknown}
 s - a scroll of noise {unknown}
 u - a scroll of fog {unknown}
 w - a scroll of amnesia {unknown}
Potions
 f - a potion of berserk rage
 h - a potion of flight {unknown}
 l - a potion of attraction
 n - 2 potions of heal wounds {unknown}
 q - a potion of haste {unknown}


   Skills:
 + Level 4.7 Fighting
 + Level 5.1 Long Blades
 + Level 5.6 Dodging
 + Level 4.0 Stealth


You had 5 spell levels left.
You didn't know any spells.
Your spell library contained the following spells:

 Spells                   Type           Power      Damage    Failure   Level
 Cigotuvi's Dreadful Rot  Necr/Pois/Air  0%         N/A       58%         2
 Ensorcelled Hibernation  Hex/Ice        0%         N/A       58%         2
 Passwall                 Tmut/Erth      0%         N/A       58%         2
 Dazzling Flash           Conj/Hex       0%         N/A       83%         3
 Swiftness                Air            0%         N/A       83%         3
 Dispel Undead            Necr           0%         3d6       99%         4
 Agony                    Necr           0%         N/A       100%        5
 Silence                  Hex/Air        0%         N/A       100%        5
 Death Channel            Necr           0%         N/A       100%        6


Dungeon Overview and Level Annotations

Branches:
Dungeon (4/15)
 Temple: D:4-7

Altars:
Yredelemnul


Innate Abilities, Weirdness & Mutations

((You are very nimble when in or above water. (Stealth+, EV+, Speed+++)))
Your lower body shifts to a powerful aquatic tail in water.


Message History

* * * LOW HITPOINT WARNING * * *
The ball python closely misses you.
It was a potion of attraction.
You feel attractive to monsters. The ball python closely misses you.
The ball python barely misses you. x3
It was a potion of berserk rage.
A red film seems to cover your vision as you go berserk!
You feel yourself moving faster!
You feel mighty!
The ball python bites you but does no damage.
The ball python grabs you. The ball python constricts you.
* * * LOW HITPOINT WARNING * * *
You closely miss the ball python. The ball python bites you.
* * * LOW HITPOINT WARNING * * *
The ball python constricts you.
You closely miss the ball python.
The ball python bites you but does no damage.
The ball python constricts you.
* * * LOW HITPOINT WARNING * * *
You slash the ball python!
You kill the ball python!
You slash the orc!
You kill the orc!
You completely miss the giant cockroach.
You are too berserk!
You slash the giant cockroach!
You kill the giant cockroach!
The phantom is attracted toward you.
Unknown command.
You miss the phantom. The phantom hits you.
* * * LOW HITPOINT WARNING * * *
The phantom blinks!
You blink.
You barely miss the phantom. The phantom barely misses you.
You slash the phantom!
The phantom is moderately damaged.
The phantom hits you.
* * * LOW HITPOINT WARNING * * *
You barely miss the phantom.
The phantom is moderately damaged.
The phantom hits you.
You die...

######### #§§...).#
#o#####W# #.# #@#
#.# #.# ## #B#
#.############# #.
#W#
###.............# #.
#.#
#...........#.#.###.
#o#
#.......###.#.#.##..
### #.# #..##.#.#
#......... ... ##.#
#.. #.#.# #.######†.
.. #..# #..
#.#.............


You could see a phantom.

Vanquished Creatures
  2 hounds
  2 orc wizards (D:4)
  4 adders (D:2)
  An ufetubus (D:4)
  3 worms
  2 dart slugs (D:3)
  11 orcs (D:4)
  10 endoplasms
  2 giant cockroaches
  9 goblins
  2 hobgoblins
  5 jackals
  3 quokkas
  9 ball pythons
  2 bats (D:3)
  4 frilled lizards
  11 kobolds
  13 rats
95 creatures vanquished.

Notes
Turn   | Place    | Note
-------+----------+-------------------------------------------
     0 | D:1      | Anon1729 the Merfolk Monk began the quest for the Orb.
     0 | D:1      | Reached XP level 1. HP: 18/18 MP: 1/1
    41 | D:1      | You fall into a shaft and drop 1 floor!
   119 | D:2      | Reached XP level 2. HP: 16/24 MP: 2/2
   253 | D:2      | Reached XP level 3. HP: 20/29 MP: 3/3
   535 | D:2      | Reached XP level 4. HP: 29/37 MP: 4/4
  1360 | D:1      | Reached skill level 5 in Dodging
  2263 | D:3      | Reached XP level 5. HP: 41/42 MP: 5/5
  2549 | D:3      | Noticed an ogre
  2944 | D:4      | Reached skill level 5 in Long Blades
  2944 | D:4      | Reached XP level 6. HP: 47/49 MP: 6/6
  3155 | D:4      | Found a basalt altar of Yredelemnul.
  3229 | D:4      | HP: 3/73 [phantom (6)]
  3230 | D:4      | Slain by a phantom

Illustrated notes

Levels and vault maps discovered:
D:1:      beargit_arrival_greenhouse, layout_basic, serial_forest,
          infiniplex_forest_clump_curved, infiniplex_forest_clump_curved,
          infiniplex_forest_clump_double, infiniplex_forest_lined_ring,
          infiniplex_forest_clump_small, minmay_statues_item
D:2:      minmay_wonky_spiral, layout_rooms, minmay_misc_feat_secret_circle
D:3:      layout_loops_ring, nicolae_overflow_hidden_temple, serial_shops,
          nicolae_shop_temple_entry_statues_fountains
D:4:      layout_loops_ring, overflow_temple_1_default, serial_park_tiny_2

Skill      XL: |  1  2  3  4  5 |
---------------+----------------+-----
Long Blades    | 4 5 |  5.1
Stealth        | 3 4 |  4.0
Fighting       | 4 |  4.7
Dodging        | 5 |  5.6

Action                   |  1- 3 |  4- 6 || total
-------------------------+-------+-------++-------
Melee: Falchion          |    64 |    80 ||   144
       Punch             |     1 |     1 ||     2
       Long sword        |       |   145 ||   145
       Dagger            |       |     6 ||     6
  Use: Potion            |       |     3 ||     3
 Stab: Sleeping          |     2 |    10 ||    12
Armor: Robe              |     7 |    12 ||    19
       Leather armour    |       |    40 ||    40
Dodge: Dodged            |    44 |   174 ||   218

Table legend: (Time is in decaauts)
 A = Elapsed time spent in this place.
 B = Non-inter-level travel time spent in this place.
 C = Inter-level travel time spent in this place.
 D = Time resting spent in this place.
 E = Time spent auto-exploring this place.
 F = Levels seen in this place.
 G = Mean time per level.
                   A        B        C        D        E       F      G
               +--------+--------+--------+--------+--------+-----+--------+
         Total |   3262 |   3111 |    151 |    188 |   2195 |   4 |  815.5 |
       Dungeon |   3262 |   3111 |    151 |    188 |   2195 |   4 |  815.5 |
               +--------+--------+--------+--------+--------+-----+--------+

Top non-repeatable levels by time:
     D:2: 1110 daAuts
     D:1: 1076 daAuts
     D:4: 596 daAuts
     D:3: 480 daAuts
